AoeStats
← Grant B 1993

Nomad

509716605Analyzed
3v3 RM · 4d ago on Sep 27, 2026· 66m 15s· 6 players
Game mode
Random Map
Map size
210×210
Population
200
Speed
Normal
Resources
Standard
Victory
Conquest
Starting age
Dark Age
Ending age
Imperial Age
RankedLock teamsTeams togetherTeam positionsShared explorationLock speedFull tech treeHidden civsTurbo modeCheats
Victory
Defeat
🇺🇸 Malay · United States
801
+17
🇺🇸 Chinese · United States
756
+19
🇺🇸 Dravidians · United States
690
+21
🇦🇷 Persians · Argentina
852
-20
🇦🇷 Vikings · Argentina
839
-20
🇦🇷 Khmer · Argentina
777
-17
GymNASAt
15:37 Feudal Age
16:22 Double-Bit Axe
20:17 Castle Age
20:28 Fishing Lines
22:42 Wheelbarrow
23:29 Forging
23:25 Scale Barding Armor
24:37 Hand Cart
24:35 Fletching
25:19 Gillnets
25:36 Squires
27:42 Gold Mining
28:05 Horse Collar
28:42 Bow Saw
29:21 Town Watch
30:33 Padded Archer Armor
35:35 Thumb Ring
35:59 Loom
36:17 Pikeman
36:44 Arson
37:40 Great Wall
38:29 Medium Warships
38:38 Medium Warships
39:04 Town Patrol
41:17 Ballistics
45:09 Bodkin Arrow
50:55 Imperial Age
51:28 Fervor
52:21 Bracer
52:43 Chain Barding Armor
53:12 Leather Archer Armor
53:33 Iron Casting
52:59 Scale Mail Armor
54:33 Ring Archer Armor
54:39 Plate Barding Armor
56:07 Blast Furnace
55:23 Chain Mail Armor
56:13 Blast Furnace
55:29 Chain Mail Armor
57:29 Gold Shaft Mining
59:20 Heavy Warships
59:40 Rocketry
59:42 Conscription
60:20 Plate Mail Armor
61:50 Shipwright
61:42 Clinker Construction
61:43 Careening
61:40 Siphons
62:36 Chemistry
61:22 Arrowslits
61:50 Masonry
61:31 Heated Shot
61:52 Fortified Wall
61:34 Guard Tower
61:42 Murder Holes
65:41 Bloodlines
65:32 Husbandry
66:45 Architecture
66:40 Bombard Tower
66:46 Dry Dock
Grant B 1993
15:47 Feudal Age
15:27 Loom
15:44 Town Watch
17:11 Wheelbarrow
16:23 Fishing Lines
22:05 Castle Age
21:57 Gold Mining
21:57 Stone Mining
22:36 Medium Warships
22:17 Gillnets
22:29 Fletching
24:15 Bodkin Arrow
29:55 Ballistics
29:46 Careening
29:47 Clinker Construction
32:28 Imperial Age
33:41 Bracer
34:43 Chemistry
39:08 Forging
39:34 Conscription
38:43 Elite Karambit Warrior
40:44 Iron Casting
40:39 Murder Holes
45:02 Siege Engineers
46:14 Arson
46:29 Squires
56:36 Blast Furnace
Forsaken__King
18:43 Feudal Age
17:20 Loom
19:12 Double-Bit Axe
22:09 Man-at-Arms
26:16 Wheelbarrow
25:34 Gold Mining
27:33 Fishing Lines
27:50 Arson
28:21 Forging
28:11 Scale Mail Armor
28:03 Fletching
30:56 Town Watch
31:30 Stone Mining
35:26 Castle Age
35:08 Horse Collar
36:02 Long Swordsman
36:27 Gambesons
36:03 Pikeman
37:45 Hand Cart
37:42 Bow Saw
37:47 Squires
39:56 Ballistics
39:32 Murder Holes
41:19 Gillnets
43:56 Fortified Wall
46:53 Iron Casting
46:33 Chain Mail Armor
47:39 Heavy Plow
49:55 Bodkin Arrow
51:17 Masonry
54:40 Imperial Age
52:13 Padded Archer Armor
52:51 Guard Tower
54:12 Heated Shot
53:58 Elite Skirmisher
54:44 Thumb Ring
54:47 Medical Corps
56:00 Hoardings
59:06 Two-Handed Swordsman
59:08 Halberdier
59:15 Elite Urumi Swordsman
60:16 Wootz Steel
59:31 Siege Elephant
60:32 Champion
62:30 Blast Furnace
62:00 Plate Mail Armor
61:47 Leather Archer Armor
61:39 Scale Barding Armor
62:28 Medium Warships
65:10 Chemistry
64:48 Keep
64:24 Clinker Construction
simonpaschetta03
5:40 Loom
18:34 Feudal Age
19:35 Town Watch
23:44 Castle Age
22:00 Arson
21:36 Man-at-Arms
23:00 Padded Archer Armor
22:50 Fletching
23:12 Horse Collar
37:02 Imperial Age
34:38 Scale Mail Armor
39:30 Town Patrol
48:02 Chieftains
52:54 Chemistry
52:14 Ballistics
52:03 Stone Mining
55:09 Siphons
57:17 Medium Warships
57:03 Treadmill Crane
58:36 Heavy Warships
60:52 Gold Mining
65:44 Heavy Warships
Diente De Plata
4:26 Loom
16:35 Feudal Age
17:14 Double-Bit Axe
17:45 Gold Mining
18:08 Stone Mining
18:09 Horse Collar
21:31 Bloodlines
30:39 Castle Age
31:15 Scale Barding Armor
31:22 Forging
31:46 Bow Saw
31:42 Heavy Plow
31:52 Husbandry
33:05 Pikeman
37:25 Murder Holes
41:00 Stone Shaft Mining
49:06 Imperial Age
47:17 Light Cavalry
52:22 Chemistry
Nadir El Terrible
4:01 Loom
15:54 Feudal Age
16:20 Double-Bit Axe
16:18 Horse Collar
17:41 Wheelbarrow
17:10 Man-at-Arms
20:10 Arson
27:27 Castle Age
25:42 Gold Mining
25:43 Stone Mining
27:06 Fishing Lines
28:38 Heavy Plow
30:07 Crossbowman
31:14 Caravan
33:23 Hand Cart
42:41 Bow Saw
48:07 Imperial Age
50:09 Cavalier
51:22 Kamandaran
52:09 Bloodlines
52:01 Husbandry
55:21 Scale Barding Armor
55:28 Forging
57:12 Chain Barding Armor
58:22 Iron Casting
63:34 Savar
Connection lost

Rejoining the realm…

Still unreachable

The connection could not be restored.

Session expired

The server has moved on; the page needs a fresh start.